 Dungeon Crawl Stone Soup version 0.23.2-1-ga50397a (webtiles) character file.

Game seed: 8203694022676429327

30285 Tallim the Severer (level 13, 0/119 HPs)
             Began as a Minotaur Berserker on May 27, 2019.
             Was a High Priest of Trog.
             Slain by a 14-headed hydra (11 damage)
             ... on level 5 of the Lair of Beasts.
             The game lasted 00:49:27 (12295 turns).

Tallim the Severer (Minotaur Berserker)            Turns: 12295, Time: 00:49:28

Health: 0/119      AC: 18    Str: 27    XL:     13   Next: 19%
Magic:  12/12      EV: 13    Int:  4    God:    Trog [*****.]
Gold:   754        SH:  0    Dex: 10    Spells: 12/12 levels left

rFire    . . .     SeeInvis .   W - +2 battleaxe (vamp)
rCold    . . .     Gourm    .   (shield currently unavailable)
rNeg     . . .     Faith    .   K - +2 scale mail "Nustru" {rElec}
rPois    .         Spirit   .   (helmet restricted)
rElec    +         Reflect  .   (no cloak)
rCorr    +         Harm     .   H - +2 pair of gloves
MR       .....                  X - +0 pair of boots
Stlth    ..........             T - amulet of regeneration
HPRegen  0.69/turn              o - +2 ring of protection
MPRegen  0.13/turn              x - ring of resist corrosion

@: lethally poisoned (0 -> 0)
A: retaliatory headbutt, horns 2
a: Berserk, Trog's Hand, Brothers in Arms, Renounce Religion


You were on level 5 of the Lair of Beasts.
You worshipped Trog.
Trog was extremely pleased with you.
You were not hungry.

You visited 2 branches of the dungeon, and saw 14 of its levels.
You also visited: Sewer.

You collected 754 gold pieces.

Inventory:

Hand Weapons
 a - a +0 hand axe
 t - a +2 whip of electrocution
 E - a +1 mace of holy wrath
 O - the +12 battleaxe of the Penguin {protect, -Tele rPois Int-2 Stlth+}
   (Trog gifted it to you on level 2 of the Lair of Beasts)

   It protects the one who uses it against injury (+AC on strike).
   It affects your intelligence (-2).
   It protects you from poison.
   It prevents most forms of teleportation.
   It makes you more stealthy.
 W - a +2 vampiric battleaxe (weapon)
 Y - a +3 morningstar of holy wrath
Armour
 b - a +0 animal skin
 i - a +0 ring mail
 l - a +0 chain mail
 s - a +1 ring mail of fire resistance
 B - +0 steam dragon scales
 H - a +2 pair of gloves (worn)
 K - the +2 scale mail "Nustru" (worn) {rElec}
   (You found it on level 9 of the Dungeon)

   It insulates you from electricity.
 P - a +0 buckler
 X - a +0 pair of boots (worn)
Jewellery
 o - a +2 ring of protection (left hand)
 x - a ring of resist corrosion (right hand)
 L - a +3 ring of dexterity {unknown}
 T - an amulet of regeneration (around neck)
Wands
 q - a wand of disintegration (22)
 D - a wand of polymorph (14)
 G - a wand of paralysis (36)
 I - a wand of enslavement (10)
 M - a wand of acid (7)
 U - a wand of flame (21)
 V - a wand of iceblast (9)
Scrolls
 d - 4 scrolls of enchant armour {unknown}
 e - 2 scrolls of fog {unknown}
 f - 10 scrolls of identify
 h - 4 scrolls of vulnerability {unknown}
 k - 3 scrolls of random uselessness {unknown}
 n - 8 scrolls of remove curse
 p - 6 scrolls of teleportation
 r - 4 scrolls of fear {unknown}
 u - 2 scrolls of blinking {unknown}
 v - 5 scrolls of enchant weapon {unknown}
 y - a scroll of noise {unknown}
 A - 2 scrolls of amnesia {unknown}
 R - a scroll of summoning {unknown}
 Z - a scroll of torment {unknown}
Potions
 g - 11 potions of curing {unknown}
 j - 5 potions of heal wounds {unknown}
 m - 7 potions of flight {unknown}
 w - 2 potions of might {unknown}
 z - 5 potions of lignification {unknown}
 C - 2 potions of haste {unknown}
 F - a potion of degeneration {unknown}
 J - a potion of brilliance {unknown}
 N - a potion of invisibility {unknown}
 Q - a potion of berserk rage {unknown}
 S - a potion of agility {unknown}
Comestibles
 c - 25 rations


   Skills:
 + Level 12.7 Fighting
 * Level 15.9(16.8) Axes
 - Level 9.8(13.9) Maces & Flails
 + Level 0.2 Throwing
 + Level 12.4 Armour
 + Level 7.1 Dodging
 - Level 1.6 Stealth


You had 12 spell levels left.
You didn't know any spells.
Your spell library was empty.

Dungeon Overview and Level Annotations

Branches:
Dungeon (10/15)            Temple (0/1) D:7            Lair (3/6) D:10
  Slime (0/5) Lair:5          Orc (0/2) D:10
  Swamp: Lair:2-4    Shoals: Lair:2-4     Snake: Lair:2-4    Spider: Lair:2-4

Altars:
Ashenzari
Dithmenos
Nemelex Xobeh
Ru
Trog
Uskayaw
Yredelemnul
Zin
Jiyva

Shops:
D:5 :   D:9 *

Annotations:
D:4 2 transporters


Innate Abilities, Weirdness & Mutations

You reflexively headbutt those who attack you in melee.
You have a pair of horns on your head.


Message History

The 13-headed hydra bites you.
* * * LOW HITPOINT WARNING * * *
The 13-headed hydra bites you but does no damage. x2
The 13-headed hydra bites you!
* * * LOW HITPOINT WARNING * * *
The 13-headed hydra bites you but does no damage.
The 13-headed hydra bites you.
* * * LOW HITPOINT WARNING * * *
The 13-headed hydra bites you.
* * * LOW HITPOINT WARNING * * *
The 13-headed hydra bites you but does no damage.
The 13-headed hydra barely misses you.
The 13-headed hydra bites you but does no damage.
The 13-headed hydra barely misses you. x2; The 13-headed hydra bites you.
* * * LOW HITPOINT WARNING * * *
You slice one of the 13-headed hydra's heads off!
The 12-headed hydra grows two more!
You slash the 14-headed hydra!
The 14-headed hydra is severely wounded.
The 14-headed hydra bites you!
You die...

#...## .....# ##....
#....# ... # ###....
#... .#.#.....###
##... .P.....D...##
...# ...
.......@...P##
...#....
...####.....P#
...#.....# #.#.....##
........P# #...)...#
P#P......## #.......#
.#.P......####.?..P..#
..##.......##P...#####
.........#........#
P........##....P..#


You could see a 14-headed hydra.

Vanquished Creatures
  Josephine (D:10)
  2 hydras
  Fannar (D:10)
  A catoblepas (Lair:5)
  Urug (D:10)
  A lindwurm (Lair:5)
  Pikel (D:4)
  6 elephants
  3 black mambas
  4 spiny frogs
  3 rime drakes (Lair:5)
  2 kobold demonologists (D:9)
  3 komodo dragons
  3 meliai (Lair:5)
  A queen bee (Lair:5)
  5 hippogriffs
  Prince Ribbit (D:5)
  7 dream sheep (Lair:5)
  5 blink frogs (Lair:5)
  2 basilisks
  4 wyverns
  19 yaks
  A steam dragon (D:9)
  12 water moccasins
  12 porcupines
  3 sky beasts
  2 ice beasts
  An orc warrior (D:7)
  A necrophage (D:7)
  3 slaves (D:4)
  6 ogres
  13 wolves (Lair:1)
  A phantom (D:6)
  A centaur (D:7)
  11 crocodiles
  2 big kobolds (D:9)
  15 bullfrogs
  A water moccasin skeleton (D:9)
  A scorpion (D:6)
  33 killer bees
  4 wights (D:8)
  A howler monkey (D:7)
  3 crimson imps
  A centaur zombie (D:5)
  5 hounds
  3 jellies (D:8)
  5 bullfrog zombies
  2 orc priests
  2 centaur skeletons (D:10)
  A gnoll shaman (D:10)
  8 orc wizards
  Crazy Yiuf (D:6)
  Jessica (D:2)
  An iguana (D:7)
  Terence (D:2)
  A hell rat (Lair:5)
  3 worker ants
  Robin (D:2)
  9 gnolls
  A howler monkey skeleton (D:7)
  15 adders
  4 shadow imps
  5 oozes (D:8)
  An adder zombie (D:6)
  An adder skeleton (D:4)
  A worm (D:5)
  6 dart slugs
  8 leopard geckos
  16 orcs
  11 bats
  4 giant cockroaches
  19 goblins
  13 hobgoblins
  9 jackals
  3 quokkas
  6 ball pythons
  4 frilled lizards
  A jackal skeleton (D:7)
  A jackal zombie (D:5)
  11 kobolds
  6 rats
  2 fungi
  3 plants
399 creatures vanquished.

Vanquished Creatures (collateral kills)
  A hydra (Lair:2)
  A cyclops (D:9)
  4 wraiths (D:10)
  6 yaks
  A basilisk (Lair:1)
  A black bear (D:8)
  2 orc warriors
  A sky beast (D:10)
  2 ogres
  3 wolves (Lair:1)
  A killer bee (D:9)
  A centaur zombie (D:9)
  2 hounds (D:10)
  An orc priest (D:10)
  An orc wizard (D:10)
  A worker ant (D:9)
  A shadow imp (D:9)
  5 orcs
  A quokka zombie (D:8)
36 creatures vanquished.

Vanquished Creatures (others)
  15 fungi
  10 plants
25 creatures vanquished.

Grand Total: 460 creatures vanquished

Notes
Turn   | Place    | Note
-------+----------+-------------------------------------------
     0 | D:1      | Tallim the Minotaur Berserker began the quest for the Orb.
     0 | D:1      | Reached XP level 1. HP: 19/19 MP: 0/0
    36 | D:1      | Reached skill level 4 in Axes
    36 | D:1      | Reached XP level 2. HP: 27/27 MP: 1/1
   368 | D:1      | Reached ** piety under Trog
   368 | D:1      | Reached XP level 3. HP: 31/33 MP: 2/2
   839 | D:2      | Noticed Terence
   923 | D:2      | Noticed Robin
   931 | D:2      | Killed Robin
   931 | D:2      | Reached skill level 5 in Axes
  1046 | D:2      | Reached XP level 4. HP: 41/41 MP: 3/3
  1112 | D:2      | Killed Terence
  1133 | D:2      | Noticed Jessica
  1141 | D:2      | Killed Jessica
  1141 | D:2      | Reached skill level 6 in Axes
  1315 | D:2      | Reached XP level 5. HP: 47/47 MP: 4/4
  1704 | D:3      | Found a faded altar of an unknown god.
  1793 | D:3      | Reached *** piety under Trog
  1832 | D:3      | Reached skill level 7 in Axes
  2206 | D:4      | Reached XP level 6. HP: 37/55 MP: 5/5
  2262 | D:4      | Found a transporter.
  2269 | D:4      | Found a transporter.
  2271 | D:4      | Noticed a wraith
  2273 | D:4      | Found a shattered altar of Ashenzari.
  2295 | D:4      | Reached skill level 5 in Fighting
  2295 | D:4      | Reached skill level 1 in Stealth
  2340 | D:4      | Noticed a slave
  2342 | D:4      | Noticed Pikel
  2342 | D:4      | Noticed a slave
  2343 | D:4      | Noticed a slave
  2344 | D:4      | Noticed a slave
  2352 | D:4      | Killed a slave
  2353 | D:4      | Killed a slave
  2354 | D:4      | Killed a slave
  2356 | D:4      | Killed Pikel
  2356 | D:4      | Reached skill level 9 in Axes
  2356 | D:4      | Reached XP level 7. HP: 58/61 MP: 6/6
  2468 | D:4      | Found a glowing drain.
  2477 | Sewer    | Entered a sewer
  3036 | D:5      | Entered Level 5 of the Dungeon
  3055 | D:5      | Noticed Prince Ribbit
  3073 | D:5      | Killed Prince Ribbit
  3073 | D:5      | Reached skill level 10 in Axes
  3164 | D:5      | Reached XP level 8. HP: 64/70 MP: 7/7
  3203 | D:5      | Reached **** piety under Trog
  3619 | D:5      | Found a hide-covered altar of Uskayaw.
  3653 | D:5      | Reached skill level 11 in Axes
  3684 | D:5      | Found Jeskutug's Book Shoppe.
  3894 | D:6      | Reached skill level 1 in Maces & Flails
  4437 | D:6      | Found a runed translucent door.
  4438 | D:6      | Noticed Crazy Yiuf
  4449 | D:6      | Killed Crazy Yiuf
  4563 | D:6      | Reached XP level 9. HP: 79/79 MP: 8/8
  4750 | D:7      | Reached skill level 5 in Armour
  4762 | D:7      | Reached skill level 5 in Maces & Flails
  4991 | D:7      | Found a shadowy altar of Dithmenos.
  5143 | D:7      | Reached ***** piety under Trog
  5335 | D:7      | Found a basalt altar of Yredelemnul.
  5340 | D:7      | Found a bloodstained altar of Trog.
  5417 | D:7      | Found a staircase to the Ecumenical Temple.
  5958 | D:8      | Found a sparkling altar of Nemelex Xobeh.
  6458 | D:9      | Noticed a kobold demonologist
  6459 | D:9      | Noticed a kobold demonologist
  6464 | D:9      | Killed a kobold demonologist
  6464 | D:9      | Reached XP level 10. HP: 88/88 MP: 9/9
  6633 | D:9      | Found a glowing silver altar of Zin.
  6780 | D:9      | Got an encrusted scale mail
  6781 | D:9      | Identified the +2 scale mail "Nustru" {rElec} (You found it
                  | on level 9 of the Dungeon)
  6989 | D:9      | Found Niozaz's Mayhem Merchandise.
  6990 | D:9      | Found a sacrificial altar of Ru.
  7038 | D:9      | Noticed a cyclops
  7052 | D:9      | Killed a cyclops
  7381 | D:10     | Entered Level 10 of the Dungeon
  7381 | D:10     | Noticed Josephine
  7385 | D:10     | Killed Josephine
  7408 | D:10     | Noticed Fannar
  7436 | D:10     | Killed Fannar
  7940 | D:10     | Found a staircase to the Lair.
  7955 | D:10     | Reached skill level 10 in Fighting
  7959 | D:10     | Reached XP level 11. HP: 78/99 MP: 10/10
  8187 | D:10     | Found a staircase to the Orcish Mines.
  8200 | D:10     | Reached skill level 5 in Dodging
  8445 | D:10     | Noticed Urug
  8463 | D:10     | Killed Urug
  8630 | Lair:1   | Entered Level 1 of the Lair of Beasts
  8635 | Lair:1   | Reached skill level 10 in Armour
 10197 | Lair:2   | Received a gift from Trog
 10200 | Lair:2   | Got a dazzling battleaxe {god gift}
 10210 | Lair:2   | Identified the +12 battleaxe of the Penguin {protect, -Tele
                  | rPois Int-2 Stlth+} (Trog gifted it to you on level 2 of
                  | the Lair of Beasts)
 10701 | Lair:2   | Noticed a six-headed hydra
 10709 | Lair:2   | Killed a ten-headed hydra
 10803 | Lair:2   | Reached skill level 12 in Axes
 10808 | Lair:2   | Reached XP level 12. HP: 79/110 MP: 11/11
 11213 | Lair:3   | Noticed a five-headed hydra
 11231 | Lair:3   | Killed a nine-headed hydra
 11236 | Lair:3   | Reached skill level 13 in Axes
 11330 | Lair:3   | You fall through a shaft for 2 floors!
 11413 | Lair:5   | Found a staircase to the Slime Pits.
 11415 | Lair:5   | Found a viscous altar of Jiyva.
 11433 | Lair:5   | Reached skill level 14 in Axes
 11529 | Lair:5   | Noticed an eight-headed hydra
 11544 | Lair:5   | Killed a 12-headed hydra
 11885 | Lair:5   | Reached skill level 15 in Axes
 11934 | Lair:5   | Reached XP level 13. HP: 82/119 MP: 12/12
 11979 | Lair:5   | Received a gift from Trog
 12295 | Lair:5   | Slain by a 14-headed hydra

Skill      XL: |  1  2  3  4  5  6  7  8  9 10 11 12 |
---------------+-------------------------------------+-----
Axes           | 4 5 6 7 9 10 11 12 15 | 15.9
Fighting       | 4 5 7 10 11 12 | 12.7
Stealth        | 1 |  1.6
Maces & Flails | 4 9 |  9.8
Armour         | 4 6 9 12 | 12.4
Dodging        | 4 6 7 |  7.1
Throwing       | |  0.2

Action                   |  1- 3 |  4- 6 |  7- 9 | 10-12 | 13-15 || total
-------------------------+-------+-------+-------+-------+-------++-------
Melee: Hand axe          |    73 |   112 |    93 |       |       ||   278
       Headbutt          |     8 |    17 |    49 |    88 |    18 ||   180
       Whip              |       |       |   190 |   306 |       ||   496
       Battleaxe         |       |       |       |   203 |    76 ||   279
Throw: Throwing net      |       |       |     2 |       |       ||     2
Invok: Trog's Hand       |     1 |     1 |     1 |     1 |       ||     4
       Berserk           |     1 |     1 |     3 |     4 |       ||     9
       Brothers in Arms  |       |       |     1 |     8 |       ||     9
  Use: Scroll            |       |     2 |     6 |     4 |     1 ||    13
 Stab: Sleeping          |     1 |       |       |       |       ||     1
  Eat: Chunk             |     2 |     4 |     9 |     9 |       ||    24
       Ration            |       |       |     2 |     5 |     2 ||     9
Armor: Animal skin       |     4 |       |       |       |       ||     4
       Ring mail         |    15 |    33 |    79 |    14 |       ||   141
       Skin              |       |     8 |     3 |       |       ||    11
       Scale mail        |       |       |       |   285 |    67 ||   352
Dodge: Dodged            |    36 |    65 |   125 |   285 |    65 ||   576
Block: Buckler           |       |       |       |     3 |       ||     3
